 Dungeon Crawl Stone Soup version 0.31-a0-986-g5e6e4ef867 (webtiles) character file.

Game seed: 16990950909564807151

45 pokeman the Magician (level 3, 0/20 HPs)
             Began as a Deep Elf Hedge Wizard on Nov 11, 2023.
             Slain by a goblin
             ... wielding a +0 dagger
             ... led by Robin
              (3 damage)
             ... on level 2 of the Dungeon.
             The game lasted 00:01:57 (1777 turns).

pokeman the Magician (Deep Elf Hedge Wizard)        Turns: 1777, Time: 00:01:57

Health: 0/20       AC:  3    Str:  7    XL:     3   Next: 42%
Magic:  9/11       EV: 12    Int: 20    God:
Gold:   84         SH:  0    Dex: 14    Spells: 4/12 levels left

rFire   . . .        a - +1 dagger (venom)
rCold   . . .        (no shield)
rNeg    . . .        b - +0 robe
rPois   .            h - +0 helmet
rElec   .            (no cloak)
rCorr   .            (no gloves)
SInv    .            (no boots)
Will    .....        (no amulet)
Stlth   ++           (no ring)
HPRegen 0.23/turn    (no ring)
MPRegen 0.12/turn

%: no passive effects
@: no status effects
A: no striking features
a: no special abilities


You were on level 2 of the Dungeon.
You visited 1 branch of the dungeon, and saw 2 of its levels.

You collected 84 gold pieces.

Inventory:

Hand Weapons
 a - a +1 dagger of venom (weapon)
Missiles
 e - 6 curare-tipped darts
Armour
 b - a +0 robe (worn)
 h - a +0 helmet (worn)
Scrolls
 f - 3 scrolls of poison {unknown}
 g - 2 scrolls of identify {unknown}
 i - a scroll of fog {unknown}
 j - 2 scrolls of teleportation {unknown}
 k - a scroll of revelation {unknown}
 l - a scroll of butterflies {unknown}
 m - a scroll of immolation {unknown}
Potions
 c - a potion of attraction {unknown}
 d - a potion of magic


   Skills:
 - Level 1.0 Fighting
 - Level 1.0 Armour
 + Level 2.4 Dodging
 + Level 2.4 Stealth
 * Level 5.2 Spellcasting
 + Level 1.8 Conjurations
 - Level 1.1 Summonings
 - Level 1.1 Translocations


You had 4 spell levels left.
You knew the following spells:

 Your Spells              Type           Power      Damage    Failure   Level
a - Magic Dart            Conj           48%        1d5       5%          1
b - Mephitic Cloud        Conj/Pois/Air  7%         N/A       26%         3
c - Call Imp              Summ           18%        N/A       11%         2
d - Blink                 Tloc           18%        N/A       11%         2

Your spell library contained the following spells:

 Spells                   Type           Power      Damage    Failure   Level
 Slow                     Hex            20%        N/A       12%         1
 Cigotuvi's Dreadful Rot  Necr/Pois/Air  10%        N/A       17%         2
 Ensorcelled Hibernation  Hex/Ice        10%        N/A       17%         2
 Jinxbite                 Hex            10%        N/A       17%         2
 Anguish                  Hex/Necr       2%         N/A       75%         4


Dungeon Overview and Level Annotations

Branches:
Dungeon (2/15)

Altars:

Annotations:
D:2 Robin


Message History

You can't see any susceptible monsters within range! (Use Z to cast anyway.) Unknown command.
j - 2 scrolls labelled YRINIAFAHE (gained 1)
m - a scroll labelled DIT HAXENLU 4 goblins come into view.
The goblin shouts! x2; You hear a shout!
A hobgoblin comes into view.
The goblin moves out of view.
Robin of the Strong Arm comes into view.
They are wielding a +0 spear.
The goblin shouts!
You hear a shout! x2
A hobgoblin comes into view.
The goblin hits you but does no damage.
Robin's bangles clink loudly.
You completely miss the goblin.
Robin roars a battlecry!
The goblins go into a battle-frenzy!
The goblin barely misses you.
A hobgoblin comes into view.
The hobgoblin shouts!
You closely miss the goblin. Robin throws the goblin at you!
The goblin hits you but does no damage. The goblin hits you with a +0 club.
You hit the goblin.
The goblin is poisoned.
The goblin is moderately wounded.
Robin throws the goblin at you! The goblin closely misses you.
The goblin hits you with a +0 club. The goblin closely misses you.
You hit the goblin.
You kill the goblin!
The goblin hits you with a +0 dagger. x2
* * * LOW HITPOINT WARNING * * *
The goblin hits you but does no damage.
You see here a +0 club.
Casting: Magic Dart (safe; 5% risk of failure)
Confirm with . or Enter, or press ? or * to list all spells.
A tiny devil pulls itself out of the air.
The goblin hits you with a +0 dagger.
* * * LOW HITPOINT WARNING * * *
The goblin closely misses your cerulean imp.
Unknown command.
The goblin attacks as it pursues you! The goblin hits you with a +0 dagger.
You die...

.# ####... .#
#...... g## #......
gg ♣.♣.♣.♣ g#
#...... ##5#
♣.♣.♣.♣ #.g#
#...... ♣g♣♣
♣.♣)♣.♣ ♣@P♣##
#......
♣♣.♣.######♣.♣.♣.♣
♣♣P.♣..............
♣P.♣♣#.#####♣#♣#♣#♣
♣.♣♣ #.# ♣.♣♣ #.#
♣P.♣ #.# ♣♣.♣##.#
#.....#


You could see Robin, 2 hobgoblins, 3 goblins and a friendly cerulean imp
(summoned).

Vanquished Creatures
  An adder (D:2)
  4 endoplasms
  2 giant cockroaches (D:1)
  3 goblins
  4 hobgoblins
  4 jackals (D:1)
  5 kobolds
  A quokka (D:2)
  2 ball pythons (D:1)
  5 bats
  2 frilled lizards (D:1)
  A rat (D:1)
34 creatures vanquished.

Notes
Turn   | Place    | Note
-------+----------+-------------------------------------------
     0 | D:1      | pokeman the Deep Elf Hedge Wizard began the quest for the
                  | Orb.
     0 | D:1      | Reached XP level 1. HP: 10/10 MP: 7/7
   430 | D:1      | Reached XP level 2. HP: 16/16 MP: 4/9
   915 | D:1      | Reached skill level 5 in Spellcasting
  1305 | D:2      | Reached XP level 3. HP: 20/20 MP: 5/11
  1309 | D:2      | Learned a level 3 spell: Mephitic Cloud
  1312 | D:2      | Learned a level 2 spell: Call Imp
  1315 | D:2      | Learned a level 2 spell: Blink
  1683 | D:2      | Reached skill level 1 in Fighting
  1683 | D:2      | Reached skill level 1 in Armour
  1769 | D:2      | Noticed Robin
  1777 | D:2      | Slain by a goblin

Illustrated notes

Levels and vault maps discovered:
D:1:      dpeg_arrival_windows_large_door, layout_basic
D:2:      layout_loops_ring, serial_forest, infiniplex_forest_zigzag_1,
          infiniplex_forest_straight_3, infiniplex_forest_diagonal,
          infiniplex_forest_lined_room_3, infiniplex_forest_straight_3,
          uniq_robin

Skill      XL: |  1  2  3 |
---------------+----------+-----
Spellcasting   | 5 |  5.2
Fighting       | 1 |  1.0
Armour         | 1 |  1.0
Dodging        | |  2.4
Stealth        | |  2.4
Conjurations   | |  1.8
Summonings     | |  1.1
Translocations | |  1.1

Action                     || total
---------------------------++-------
  Melee: Whip              ||     4
         Dagger            ||    20
         Punch             ||     1
   Cast: Magic Dart        ||    76
         Call Imp          ||     1
 Armour: Robe              ||    22
  Dodge: Dodged            ||    24

Table legend: (Time is in decaauts)
 A = Elapsed time spent in this place.
 B = Non-inter-level travel time spent in this place.
 C = Inter-level travel time spent in this place.
 D = Time resting spent in this place.
 E = Time spent auto-exploring this place.
 F = Levels seen in this place.
 G = Mean time per level.
                   A        B        C        D        E       F      G
               +--------+--------+--------+--------+--------+-----+--------+
         Total |   1776 |   1764 |     12 |      0 |   1553 |   2 |  888.0 |
       Dungeon |   1776 |   1764 |     12 |      0 |   1553 |   2 |  888.0 |
               +--------+--------+--------+--------+--------+-----+--------+

Top non-repeatable levels by time:
     D:1: 1298 daAuts
     D:2: 477 daAuts
